 Dungeon Crawl Stone Soup version 0.30.1-9-gdf580d7c3d (webtiles) character file.

Game seed: 16665966565383734084

177 ChiefBigBeans the Chiller (level 5, -3/38 HPs)
             Began as a Draconian Ice Elementalist on Sept 26, 2023.
             Killed from afar by an orc wizard (9 damage)
             ... with a magic dart
             ... on level 4 of the Dungeon.
             The game lasted 00:07:18 (3153 turns).

ChiefBigBeans the Chiller (DrIE)                    Turns: 3153, Time: 00:07:19

Health: -3/38      AC:  9    Str: 11    XL:     5   Next: 31%
Magic:  10/10      EV: 17    Int: 19    God:
Gold:   201        SH:  0    Dex: 11    Spells: 10/11 levels left

rFire   + . .        h - +0 sling
rCold   . . .        (no shield)
rNeg    . . .        (body armour unavailable)
rPois   .            (helmet restricted)
rElec   .            m - scarf {harm}
rCorr   .            (no gloves)
SInv    .            (no boots)
Will    .....        j - amulet of Spite {RegenMP +Blink rF+ Int+2 Stlth-}
Stlth   +            g - +5 ring of evasion
HPRegen 0.26/turn    c - +4 ring of protection
MPRegen 0.52/turn

%: harm (+30% outgoing, +20% incoming)
@: no status effects
A: AC +5, unfitting armour, cold-blooded
a: Evoke Blink


You were on level 4 of the Dungeon.
You visited 1 branch of the dungeon, and saw 4 of its levels.

You collected 201 gold pieces.

Inventory:

Hand Weapons
 h - a +0 sling (weapon)
Armour
 m - a scarf of harm (worn)
Jewellery
 c - a +4 ring of protection (right hand)
 g - a +5 ring of evasion (left hand)
 j - the amulet of Spite (around neck) {RegenMP +Blink rF+ Int+2 Stlth-}
   (You acquired it on level 2 of the Dungeon)

   [amulet of magic regeneration]

   It increases your rate of magic regeneration.
   Int:       It affects your intelligence (+2).
   rF:        It protects you from fire.
   +Blink:    It lets you blink.
   Stlth:     It makes you less stealthy.
Wands
 d - a wand of mindburst (10)
 l - a wand of flame (19)
Scrolls
 b - 2 scrolls of teleportation
 e - a scroll of brand weapon {unknown}
 k - a scroll of magic mapping
Potions
 a - a potion of magic
 f - 4 potions of curing
 i - a potion of ambrosia


   Skills:
 - Level 1.7 Dodging
 - Level 1.7 Stealth
 + Level 3.9 Spellcasting
 + Level 5.4 Ice Magic


You had 10 spell levels left.
You knew the following spells:

 Your Spells              Type           Power      Damage    Failure   Level
a - Freeze                Ice            96%        1d10      1%          1

Your spell library contained the following spells:

 Spells                   Type           Power      Damage    Failure   Level
 Frozen Ramparts          Ice            48%        1d8       4%          3
 Ozocubu's Armour         Ice            24%        N/A       4%          3
 Shock                    Conj/Air       12%        1d3       14%         1
 Swiftness                Air            3%         N/A       38%         3
 Summon Ice Beast         Ice/Summ       14%        N/A       41%         4
 Airstrike                Air            1%         2d(1-17)  80%         4


Dungeon Overview and Level Annotations

Branches:
Dungeon (4/15)
 Temple: D:4-7

Altars:
The Shining One

Shops:
D:1 =


Innate Abilities, Weirdness & Mutations

Your plain brown scales are hard. (AC +5)
You cannot fit into any form of body armour.
You are cold-blooded and may be slowed by cold attacks.


Message History

The orc wizard is moderately wounded.
The orc wizard misses you.
The orc wizard points at you and mumbles some strange words.
You resist with some effort.
You barely miss the orc wizard.
The orc wizard is moderately wounded.
The orc wizard hits you but does no damage.
You closely miss the orc wizard.
The orc wizard is moderately wounded.
The orc wizard misses you. The orc wizard completely misses you.
You clumsily bash the orc wizard but do no damage.
Your tail-slap misses the orc wizard.
Your punch misses the orc wizard.
The orc wizard is moderately wounded.
You feel less confused. The orc wizard barely misses you.
You shoot a sling bullet.
The sling bullet barely misses the orc wizard.
The sling bullet closely misses the orc.
The orc wizard gestures at you while chanting.
The puff of flame hits you. You resist.
* * * LOW HITPOINT WARNING * * *
The orc wizard hits you but does no damage.
You shoot a sling bullet. The sling bullet misses the orc wizard.
The sling bullet closely misses the orc.
The orc wizard barely misses you.
You shoot a sling bullet.
The sling bullet barely misses the orc wizard.
The sling bullet barely misses the orc.
The orc wizard hits you with a +0 dagger.
* * * LOW HITPOINT WARNING * * *
The orc wizard closely misses you.
You shoot a sling bullet. The sling bullet misses the orc wizard.
The sling bullet hits the orc.
You kill the orc!
The orc wizard hits you but does no damage.
You shoot a sling bullet.
The sling bullet closely misses the orc wizard.
The orc wizard casts a spell at you. The magic dart hits you!
You die...

## #. ######..# ###### #.
......# #....# #.#.....#
#....##### #...).?#
+....'...# #.# #....###.#
#.# ####....###.#
#.####.##
..♣..P...##.######†.......
.P♣~....P##.....@o)>....#.
~~♣~♣...♣################
♣~~~~P†P.'...#
~~~~...P.###.# ~♣~..P♣..#
#.# ♣~~..P...# #.#
♣...P##'## #.#
###.###.####>#
......#......#


You could see an orc wizard.

Vanquished Creatures
  An orc priest (D:3)
  Robin (D:2)
  2 adders (D:2)
  2 worms (D:2)
  A dart slug (D:2)
  4 orcs
  4 ball pythons
  7 bats
  6 endoplasms
  15 giant cockroaches
  17 goblins
  10 hobgoblins
  5 jackals (D:2)
  3 kobolds
  2 quokkas (D:2)
  9 frilled lizards
  2 rats
91 creatures vanquished.

Notes
Turn   | Place    | Note
-------+----------+-------------------------------------------
     0 | D:1      | ChiefBigBeans the Draconian Ice Elementalist began the
                  | quest for the Orb.
     0 | D:1      | Reached XP level 1. HP: 14/14 MP: 3/3
   476 | D:1      | Reached XP level 2. HP: 20/20 MP: 5/5
   806 | D:1      | Found Vamuj's Jewellery Emporium.
  1119 | D:2      | Reached XP level 3. HP: 26/26 MP: 7/7
  1244 | D:2      | Noticed Robin
  1262 | D:2      | Reached XP level 4. HP: 33/33 MP: 2/8
  1286 | D:2      | Killed Robin
  1289 | D:2      | Reached skill level 5 in Ice Magic
  1921 | D:2      | Identified a scroll of acquirement
  1921 | D:2      | Acquired the amulet of Spite {RegenMP +Blink rF+ Int+2
                  | Stlth-}
  1960 | D:3      | HP: 1/33 [orc/+0 dagger (3)]
  1961 | D:3      | Reached XP level 5. HP: 1/38 MP: 10/10
  2427 | D:3      | Found a glowing golden altar of the Shining One.
  3153 | D:4      | Killed from afar by an orc wizard

Illustrated notes

Levels and vault maps discovered:
D:1:      matt_arrival_grand_opening, layout_loops_corners, serial_shops, shop
D:2:      minmay_roachtagon, layout_basic, dk_noncrumbling_4, uniq_robin
D:3:      layout_loops_cross, nicolae_tso_carved_into_rock,
          minmay_misc_feat_alley, grunt_ministairs_11
D:4:      layout_basic, serial_bayou, serial_bayou_lagoon_b,
          serial_bayou_lagoon_a, serial_bayou_crossing, serial_bayou_pond_e,
          serial_bayou_pond_a, minmay_hollow_rounded_squares

Skill      XL: |  1  2  3  4 |
---------------+-------------+-----
Spellcasting   | 3 |  3.9
Ice Magic      | 5 |  5.4
Dodging        | |  1.7
Stealth        | |  1.7

Action                     |  1- 3 |  4- 6 || total
---------------------------+-------+-------++-------
  Melee: Short sword       |     8 |       ||     8
         Sling             |       |     6 ||     6
   Fire: Sling             |    74 |   175 ||   249
   Cast: Freeze            |    30 |    28 ||    58
    Use: Scroll            |       |     9 ||     9
         Potion            |       |     2 ||     2
 Armour: Skin              |    11 |    54 ||    65
  Dodge: Dodged            |    42 |   170 ||   212
